 Dungeon Crawl Stone Soup version 0.23.2-1-ga50397a (webtiles) character file.

Game seed: 5513688105042131022

3462 Borgoz the Chopper (level 10, -3/60 HPs)
             Began as a Gargoyle Gladiator on May 14, 2019.
             Was a Follower of Ashenzari.
             Killed from afar by a steam dragon (8 damage)
             ... with a ball of steam
             ... on level 8 of the Dungeon.
             The game lasted 00:12:42 (7038 turns).

Borgoz the Chopper (Gargoyle Gladiator)             Turns: 7038, Time: 00:12:44

Health: -3/60      AC: 25    Str: 18    XL:     10   Next: 6%
Magic:  10/10      EV: 14    Int:  9    God:    Ashenzari [*.....]
Gold:   534        SH:  0    Dex: 21    Spells: 9/9 levels left

rFire    . . .     SeeInvis .   h - +0 battleaxe
rCold    + . .     Gourm    .   (shield currently unavailable)
rNeg     + . .     Faith    +   l - +2 plate armour {rC+}
rPois    ∞         Spirit   .   c - +0 helmet
rElec    +         Reflect  .   (no cloak)
rCorr    .         Harm     .   (no gloves)
MR       +....                  g - +2 pair of boots {Stlth+}
Stlth    +.........             z - amulet of faith
HPRegen  0.20/turn              E - +2 ring of dexterity
MPRegen  0.12/turn              m - ring of protection from magic

@: agile
A: negative energy resistance 1, electricity resistance, unbreathing,
petrification resistance, rot immunity, AC +7
a: Curse Item, Scrying, Renounce Religion


You were on level 8 of the Dungeon.
You worshipped Ashenzari.
Ashenzari was aware of your devotion.
You were not hungry.

You visited 2 branches of the dungeon, and saw 9 of its levels.
You also visited: Ossuary.

You collected 534 gold pieces.

Inventory:

Hand Weapons
 h - a +0 battleaxe (weapon)
 x - a +3 vampiric morningstar
Armour
 c - a +0 helmet (worn)
 g - a +2 pair of boots of stealth (worn)
 l - a +2 plate armour of cold resistance (worn)
 n - the +0 shield "Eqan" {rPois}
   (You found it on level 7 of the Dungeon)

   It protects you from poison.
Jewellery
 b - a +2 ring of slaying
 d - an uncursed ring of stealth
 i - an uncursed ring of magical power
 m - a ring of protection from magic (right hand)
 s - an uncursed ring of fire
 z - an amulet of faith (around neck)
 E - a +2 ring of dexterity (left hand)
 H - an uncursed ring of fire
Wands
 p - a wand of digging (8)
 A - a wand of acid (6)
 G - a wand of iceblast (8)
 K - a wand of paralysis (6)
Scrolls
 j - 2 scrolls of teleportation
 t - 3 scrolls of fear
 w - 6 scrolls of remove curse
 y - a scroll of holy word {unknown}
 I - a scroll of magic mapping {unknown}
Potions
 a - 2 potions of curing
 e - 3 potions of haste
 k - 6 potions of flight
 o - a potion of might {unknown}
 q - a potion of resistance
 r - a potion of brilliance
 u - a potion of degeneration
 v - a potion of heal wounds {unknown}
 B - a potion of invisibility {unknown}
 C - a potion of cancellation
 D - a potion of mutation
 F - 5 potions of agility
Comestibles
 f - 18 rations


   Skills:
 + Level 5.8 Fighting
 * Level 7.2 Axes
 + Level 4.8 Throwing
 + Level 5.1 Armour
 * Level 6.4 Dodging
 - Level 5.0 Stealth


You had 9 spell levels left.
You didn't know any spells.
Your spell library contained the following spells:

 Spells                   Type           Power        Failure   Level  Hunger
 Confusing Touch          Hex            #.....       100%        1    ##.....
 Confuse                  Hex            #.......     100%        3    ####...
 Gell's Gravitas          Tloc           #.........   100%        3    ####...
 Petrify                  Tmut/Erth      #.......     100%        4    #####..
 Blade Hands              Tmut           #.........   100%        5    ######.
 Bolt of Draining         Conj/Necr      #.........   100%        5    ######.
 Excruciating Wounds      Chrm/Necr      #.........   100%        5    ######.
 Iskenderun's Battlesphe  Conj/Chrm      #.......     100%        5    ######.
 Metabolic Englaciation   Hex/Ice        #.........   100%        5    ######.
 Summon Demon             Summ           #.........   100%        5    ######.
 Venom Bolt               Conj/Pois      #.........   100%        5    ######.
 Yara's Violent Unravell  Hex/Tmut       #.........   100%        5    ######.


Dungeon Overview and Level Annotations

Branches:
Dungeon (8/15)             Temple (1/1) D:4            Lair (0/6) D:8

Altars:
Ashenzari
Cheibriados
Dithmenos
Elyvilon
Fedhas
Gozag
Hepliaklqana
Kikubaaqudgha
Makhleb
Nemelex Xobeh
Okawaru
Qazlal
Ru
Sif Muna
Trog
Uskayaw
Wu Jian
Xom
Yredelemnul
Zin
The Shining One

Shops:
D:4 *   D:5 :

Annotations:
D:7 1 runed translucent door, Tribosh's ghost, novice OpTm


Innate Abilities, Weirdness & Mutations

You are resistant to torment.
Your stone body is resilient. (AC +7)
You are immune to poison.
You resist negative energy. (rN+)
You are resistant to electric shocks. (rElec)
You can survive without breathing.
You are immune to petrification.
You are immune to rotting.


Message History

You closely miss the basilisk.
The basilisk is lightly wounded.
You hit the crocodile. You barely miss the steam dragon.
You are struck by the porcupine's spines.
* * * LOW HITPOINT WARNING * * *
You closely miss the porcupine.
You are engulfed in a cloud of scalding steam.
The porcupine completely misses you. The basilisk gazes at you.
You resist with almost no effort.
The steam dragon bites you but does no damage.
The steam dragon barely misses you.
The crocodile bites you but does no damage.
The porcupine barely misses you.
Unknown command.
The basilisk gazes at you.
You are unaffected.
The steam dragon breathes steam at you. The ball of steam hits you!
You die...

#.######.# #.# #.#
#####.######.# #.........##.#
♣P..♣P. #.........##.#
.P.♣P...> ............##.#
####.♣...♣.P.
##..........##.####...........P
#................##..........P.
#............###@##r..##..l....
........(....# #§§Ds.......♣...
............###tlr..........P♣
.....................(.l##...
####......###.##...##?#.#
#.......# #.##..<#{## .#
#.......# #.##....# .#
..######.# # ## #.#


You could see a basilisk, a steam dragon, a crocodile and a porcupine.

Vanquished Creatures
  A wraith (Ossuary)
  A human (D:7)
  5 yaks
  4 hogs (D:7)
  2 orc warriors (D:7)
  3 centaurs
  5 bullfrogs
  2 jellies (D:7)
  A scorpion (D:5)
  A killer bee (D:7)
  3 crimson imps
  A bullfrog zombie (D:7)
  2 hounds
  2 orc priests (D:6)
  3 iguanas
  3 orc wizards
  11 worker ants
  A hound zombie (D:7)
  A hound skeleton (D:7)
  A mummy (Ossuary)
  3 gnolls (D:6)
  2 howler monkey zombies
  11 adders
  An adder skeleton (D:4)
  2 dart slugs
  3 leopard geckos
  11 orcs
  3 giant cockroaches
  12 goblins
  3 hobgoblins
  8 jackals
  8 kobolds
  5 quokkas
  2 ball pythons
  7 bats
  5 frilled lizards
  4 gnoll skeletons (Ossuary)
  9 kobold skeletons (Ossuary)
  12 orc skeletons (Ossuary)
  10 rats
174 creatures vanquished.

Vanquished Creatures (others)
  A fungus (D:8)
  3 plants (D:8)
  2 withered plants (D:7)
6 creatures vanquished.

Grand Total: 180 creatures vanquished

Notes
Turn   | Place    | Note
-------+----------+-------------------------------------------
     0 | D:1      | Borgoz the Gargoyle Gladiator began the quest for the Orb.
     0 | D:1      | Reached XP level 1. HP: 12/12 MP: 1/1
   118 | D:1      | You fall through a shaft!
   122 | D:2      | Reached XP level 2. HP: 15/17 MP: 2/2
   136 | D:2      | Reached skill level 3 in Axes
   260 | D:2      | Reached XP level 3. HP: 12/22 MP: 3/3
   469 | D:1      | Reached skill level 1 in Stealth
   722 | D:1      | You fall through a shaft!
   934 | D:2      | Reached skill level 1 in Armour
   934 | D:2      | Reached XP level 4. HP: 24/27 MP: 4/4
  1179 | D:2      | You fall through a shaft!
  1820 | D:2      | Reached XP level 5. HP: 29/32 MP: 5/5
  2568 | D:4      | Found a staircase to the Ecumenical Temple.
  2579 | D:4      | Reached XP level 6. HP: 36/37 MP: 6/6
  2593 | Temple   | Entered the Ecumenical Temple
  2623 | Temple   | Became a worshipper of Ashenzari the Shackled
  2907 | D:4      | Found Sodip's Assorted Antiques.
  3044 | D:4      | Reached skill level 4 in Axes
  3408 | D:5      | Entered Level 5 of the Dungeon
  3580 | D:5      | Reached XP level 7. HP: 39/41 MP: 7/7
  3628 | D:5      | Found Tinn's Book Boutique.
  4627 | D:6      | Identified the ring "Lued Diy" {+Inv rC+ AC+4 Dex-3 SInv}
  4638 | D:6      | Reached XP level 8. HP: 15/48 MP: 8/8
  4873 | D:6      | Reached skill level 5 in Axes
  5209 | D:7      | Noticed a yak
  5240 | D:7      | Killed a yak
  5265 | D:7      | Identified The Second Course in Witchcraft
  5284 | D:7      | Got the uncursed shield "Eqan" {rPois}
  5343 | D:7      | Reached * piety under Ashenzari
  5357 | D:7      | Found a sand-covered staircase.
  5363 | Ossuary  | Entered an ossuary
  5363 | Ossuary  | Noticed a wraith
  5363 | Ossuary  | Noticed a wraith
  5363 | Ossuary  | Noticed a wraith
  5390 | Ossuary  | Reached skill level 5 in Dodging
  5516 | Ossuary  | Noticed a wraith
  5528 | Ossuary  | Killed a wraith
  5768 | D:7      | Reached XP level 9. HP: 52/52 MP: 9/9
  5937 | D:7      | Reached skill level 6 in Axes
  6032 | D:7      | HP: 2/53 [orc warrior/+0 glaive (10)]
  6363 | D:7      | Found a runed translucent door.
  6366 | D:7      | Noticed Tribosh's ghost (novice OpTm)
  6531 | D:7      | Reached skill level 5 in Fighting
  6543 | D:7      | Reached skill level 5 in Stealth
  6790 | D:8      | Found a staircase to the Lair.
  6996 | D:8      | Reached skill level 7 in Axes
  7032 | D:8      | Reached skill level 5 in Armour
  7032 | D:8      | Reached XP level 10. HP: 48/60 MP: 10/10
  7038 | D:8      | Killed from afar by a steam dragon

Skill      XL: |  1  2  3  4  5  6  7  8  9 |
---------------+----------------------------+-----
Axes           | 3 4 5 7 |  7.2
Throwing       | 2 3 4 |  4.8
Stealth        | 1 2 3 4 5 |  5.0
Armour         | 1 2 3 5 |  5.1
Dodging        | 3 4 5 6 |  6.4
Fighting       | 3 4 5 |  5.8

Action                   |  1- 3 |  4- 6 |  7- 9 | 10-12 || total
-------------------------+-------+-------+-------+-------++-------
Melee: War axe           |   103 |   302 |   155 |       ||   560
       Battleaxe         |       |       |   189 |     5 ||   194
Throw: Throwing net      |       |       |     3 |       ||     3
Evoke: Wand              |       |       |     4 |       ||     4
  Use: Scroll            |       |       |    17 |       ||    17
       Potion            |       |       |     7 |       ||     7
 Stab: Held in net/web   |       |       |     3 |       ||     3
  Eat: Chunk             |       |     9 |    12 |       ||    21
Armor: Leather armour    |    64 |     2 |       |       ||    66
       Plate armour      |       |   318 |   414 |    11 ||   743
Dodge: Dodged            |   123 |   101 |   174 |    15 ||   413
